 Dungeon Crawl Stone Soup version 0.26.0-10-g1f06aea511 (webtiles) character file.

Game seed: 5266457941624165906

8154 Borgoz the Fighter (level 11, -6/97 HPs)
             Began as a Ghoul Gladiator on Jan 15, 2021.
             Was a High Priest of Okawaru.
             Mangled by Harold
             ... wielding a +0 scimitar
              (7 damage)
             ... on level 10 of the Dungeon.
             The game lasted 00:16:34 (11324 turns).

Borgoz the Fighter (Ghoul Gladiator)               Turns: 11324, Time: 00:16:35

Health: -6/97      AC: 17    Str: 19    XL:     11   Next: 26%
Magic:  13/13      EV:  4    Int:  3    God:    Okawaru [*****.]
Gold:   657        SH:  0    Dex: 13    Spells: 10/10 levels left

rFire    + . .     SeeInvis +   b - +0 great sword
rCold    . . .     Faith    .   (shield currently unavailable)
rNeg     + + +     Spirit   .   l - +0 crystal plate armour
rPois    ∞         Reflect  .   i - +0 hat {SInv}
rElec    .         Harm     .   (no cloak)
rCorr    .         Rampage  .   (no gloves)
Will     +....                  r - +2 pair of boots
Stlth    ..........             (no amulet)
HPRegen  0.00/turn              j - +4 ring of slaying
MPRegen  0.13/turn              y - ring of the Monkey's Uncle {Fire Will+}

@: very slightly contaminated, slowed, invisible, very slow
A: claws 1, cold resistance 1, negative energy resistance 3, inhibited
regeneration, torment resistance, unbreathing
a: Renounce Religion, Heroism, Finesse


You were on level 10 of the Dungeon.
You worshipped Okawaru.
Okawaru was extremely pleased with you.
You visited 2 branches of the dungeon, and saw 11 of its levels.
You also visited: Sewer.

You collected 657 gold pieces.

Inventory:

Hand Weapons
 a - a +1 long sword of flaming
 b - a +0 great sword (weapon)
 w - a +3 scimitar
Missiles
 d - a throwing net (quivered)
Armour
 i - a +0 hat of see invisible (worn)
 l - a +0 crystal plate armour (worn)
 q - a +0 kite shield
 r - a +2 pair of boots (worn)
Jewellery
 j - a +4 ring of slaying (left claw)
 y - the ring of the Monkey's Uncle (right claw) {Fire Will+}
   (You found it on level 7 of the Dungeon)

   [ring of fire]

   It enhances your fire magic.
   It protects you from fire.
   It makes you vulnerable to cold.
   It affects your willpower, your defense against some magical effects.
Wands
 m - a wand of flame (28)
 t - a wand of digging (4)
 v - a wand of iceblast (10)
Scrolls
 f - 7 scrolls of remove curse
 g - 7 scrolls of blinking
 s - 3 scrolls of teleportation
 u - 2 scrolls of fear
 x - a scroll of magic mapping
Potions
 c - a potion of brilliance
 h - 5 potions of curing
 k - 3 potions of flight
 n - a potion of might
 p - 4 potions of invisibility


   Skills:
 + Level 9.3 Fighting
 + Level 8.1 Long Blades
 + Level 7.7 Throwing
 + Level 8.1 Dodging
 - Level 5.0 Invocations


You had 10 spell levels left.
You didn't know any spells.
Your spell library contained the following spells:

 Spells                   Type           Power        Failure   Level
 Freeze                   Ice            0%           100%        1
 Frozen Ramparts          Ice            0%           100%        3
 Ozocubu's Armour         Ice            0%           100%        3
 Hailstorm                Conj/Ice       0%           100%        4
 Summon Ice Beast         Ice/Summ       0%           100%        4


Dungeon Overview and Level Annotations

Branches:
Dungeon (10/15)            Temple (1/1) D:5            Lair (0/6) D:8
  Sewer (visited)
    Orc: D:9-12

Altars:
Ashenzari
Cheibriados
Dithmenos
Elyvilon
Fedhas
Gozag
Hepliaklqana
Kikubaaqudgha
Makhleb
Nemelex Xobeh
Okawaru
Qazlal
Ru
Sif Muna
Trog
Uskayaw
Vehumet
Wu Jian
Xom
Yredelemnul
Zin
The Shining One
Lugonu

Shops:
D:4 :   D:10 ?

Annotations:
D:10 Harold


Innate Abilities, Weirdness & Mutations

You thrive by killing the living.
You are immune to poison.
You have sharp fingernails.
Your flesh is cold resistant. (rC+)
You are immune to negative energy. (rN+++)
You do not regenerate when monsters are visible.
You are immune to unholy pain and torment.
You can survive without breathing.


Message History

* * * LOW HITPOINT WARNING * * *
The wraith drains your vigour!
You feel as though you will be slow longer.
You hit the wraith.
The wraith is moderately damaged.
The wraith hits you but does no damage. The wraith hits you.
* * * LOW HITPOINT WARNING * * *
The wraith drains your vigour!
You feel as though you will be slow longer.
You slash the wraith!
The wraith is severely damaged.
The wraith hits you but does no damage. x2
You slash the wraith!
You destroy the wraith!
Okawaru accepts your kill. Harold hits you but does no damage.
You hit Harold.
Harold is moderately wounded.
Harold hits you with a +0 scimitar!
You die...

.# #.# . ....... .#
#.# #.#.#.#.## ## #.#
#.#...... #####.#
#.#.#.#.# ....#.#
#.#...(.#.###.#
#.....#
#......@(.....#
#.#.### #.(().....#
#.#.# ##@########..
#÷..# #..@##
....##########....###
.....................+
#...#.########....####
#..##.# #.#.## #.###.#
#.### ..# #.# #.# .##
#.# #(# .####.# ...


You could see Harold.

Vanquished Creatures
  Gastronok (D:8)
  Erolcha (D:10)
  Pikel (D:4)
  The ghost of puimuR the Spear-Bearer, a novice MfWz of the Shining One (D:7)
  Joseph (D:7)
  Maggie (D:8)
  A wraith (D:10)
  Edmund (D:4)
  3 ice beasts
  6 sky beasts
  6 ogres
  2 phantoms
  2 centaurs
  2 lemures (D:4)
  2 big kobolds
  4 bullfrogs
  2 scorpions
  10 killer bees
  4 wights (D:7)
  2 vampire bats (D:3)
  A howler monkey (D:6)
  A lava snake (D:7)
  A quasit (D:7)
  A jelly (D:9)
  2 bullfrog skeletons (D:9)
  10 orc wizards
  3 orc priests
  3 hounds
  2 iguanas
  Ijyb (D:5)
  3 worker ants
  10 adders
  3 river rats (D:5)
  A hound simulacrum (D:7)
  A shadow imp (D:3)
  4 white imps (D:7)
  8 oozes
  An adder zombie (D:7)
  6 worms
  2 dart slugs
  24 leopard geckos
  35 orcs
  5 ball pythons
  7 bats
  A bat skeleton (D:3)
  5 bat zombies (D:3)
  19 giant cockroaches
  10 goblins
  9 hobgoblins
  16 jackals
  18 kobolds
  4 quokkas
  16 frilled lizards
  A leopard gecko skeleton (D:4)
  2 leopard gecko zombies
  15 rats
304 creatures vanquished.

Notes
Turn   | Place    | Note
-------+----------+-------------------------------------------
     0 | D:1      | Borgoz the Ghoul Gladiator began the quest for the Orb.
     0 | D:1      | Reached XP level 1. HP: 17/17 MP: 0/0
   233 | D:1      | Reached XP level 2. HP: 9/25 MP: 1/1
  1044 | D:2      | Reached XP level 3. HP: 23/30 MP: 2/2
  1830 | D:2      | Found a bloodstained altar of Trog.
  1876 | D:3      | Reached skill level 3 in Fighting
  1876 | D:3      | Reached XP level 4. HP: 21/38 MP: 3/3
  2019 | D:3      | Noticed an ogre
  2026 | D:3      | Killed an ogre
  2027 | D:3      | Reached XP level 5. HP: 19/45 MP: 4/4
  2433 | D:3      | Found an ancient bone altar of Kikubaaqudgha.
  2447 | D:3      | Reached XP level 6. HP: 51/52 MP: 5/5
  2685 | D:3      | Reached skill level 4 in Fighting
  2694 | D:3      | Found an iron altar of Okawaru.
  2712 | D:3      | Became a worshipper of Warmaster Okawaru
  3212 | D:4      | Found Viffixirph's Book Shop.
  3231 | D:4      | Noticed Edmund
  3248 | D:4      | Killed Edmund
  3249 | D:4      | Reached skill level 1 in Invocations
  3249 | D:4      | Reached XP level 7. HP: 57/59 MP: 6/6
  3277 | D:4      | Noticed Pikel
  3333 | D:4      | Killed Pikel
  3333 | D:4      | Reached * piety under Okawaru
  3333 | D:4      | Reached ** piety under Okawaru
  3334 | D:4      | Reached skill level 5 in Fighting
  3334 | D:4      | Reached XP level 8. HP: 12/68 MP: 7/9
  3584 | D:4      | Found a stormy altar of Qazlal.
  3928 | D:5      | Entered Level 5 of the Dungeon
  4025 | D:5      | Found a hazy altar of Hepliaklqana.
  4201 | D:5      | Reached skill level 5 in Long Blades
  4254 | D:5      | Found a glowing drain.
  4273 | Sewer    | Entered a sewer
  4391 | Sewer    | Reached skill level 5 in Dodging
  4906 | D:5      | Noticed Ijyb
  4924 | D:5      | Killed Ijyb
  5211 | D:5      | Found a staircase to the Ecumenical Temple.
  5228 | Temple   | Entered the Ecumenical Temple
  5384 | D:5      | Reached skill level 6 in Fighting
  5621 | D:6      | Reached XP level 9. HP: 75/75 MP: 11/11
  5644 | D:6      | Found a hide-covered altar of Uskayaw.
  5674 | D:6      | Reached skill level 5 in Throwing
  5920 | D:6      | Reached *** piety under Okawaru
  6090 | D:6      | Found a radiant altar of Vehumet.
  6479 | D:7      | Found a runed translucent gate.
  6479 | D:7      | Found a runed translucent gate.
  6554 | D:7      | Noticed puimuR's ghost (novice MfWz)
  6568 | D:7      | Noticed Joseph
  6586 | D:7      | Killed Joseph
  6587 | D:7      | Reached skill level 5 in Invocations
  6796 | D:7      | Found a runed translucent gate.
  6804 | D:7      | Found an opulent altar of Gozag.
  7000 | D:7      | Reached **** piety under Okawaru
  7636 | D:7      | Found a basalt altar of Yredelemnul.
  7686 | D:7      | Found a burning altar of Makhleb.
  7691 | D:7      | Found a glowing silver altar of Zin.
  7691 | D:7      | Noticed a green death
  7691 | D:7      | Noticed an angel
  7938 | D:7      | Reached skill level 7 in Fighting
  7978 | D:7      | Killed puimuR's ghost
  7978 | D:7      | Received a gift from Okawaru
  7979 | D:7      | Reached XP level 10. HP: 72/86 MP: 12/12
  7998 | D:7      | Got the ring of the Monkey's Uncle {Fire}
  8003 | D:7      | Identified the ring of the Monkey's Uncle {Fire Will+} (You
                  | found it on level 7 of the Dungeon)
  8100 | D:8      | Noticed Gastronok
  8119 | D:8      | Killed Gastronok
  8119 | D:8      | Reached ***** piety under Okawaru
  8119 | D:8      | Received a gift from Okawaru
  8120 | D:8      | Reached skill level 8 in Fighting
  8289 | D:8      | Found a staircase to the Lair.
  8506 | D:8      | Found a glowing golden altar of the Shining One.
  8864 | D:8      | Found a sacrificial altar of Ru.
  9055 | D:8      | Noticed Maggie
  9062 | D:8      | Killed Maggie
  9163 | D:8      | Found a shimmering blue altar of Sif Muna.
  9562 | D:9      | Found a shimmering altar of Xom.
  9564 | D:9      | Found a bloodstained altar of Trog.
  9564 | D:9      | Found a shimmering altar of Xom.
  9566 | D:9      | Found a hazy altar of Hepliaklqana.
  9566 | D:9      | Found a shimmering blue altar of Sif Muna.
  9566 | D:9      | Found an ornate altar of the Wu Jian Council.
 10016 | D:9      | Reached XP level 11. HP: 40/95 MP: 13/13
 10364 | D:10     | Entered Level 10 of the Dungeon
 10431 | D:10     | Reached skill level 9 in Fighting
 10630 | D:10     | Found Eximep's Magic Scroll Emporium.
 10888 | D:10     | Noticed Erolcha
 10894 | D:10     | Killed Erolcha
 11066 | D:10     | Received a gift from Okawaru
 11304 | D:10     | Noticed Harold
 11319 | D:10     | HP: 4/97 [wraith (2)]
 11321 | D:10     | HP: 1/97 [wraith (3)]
 11324 | D:10     | Mangled by Harold

Illustrated notes

Levels and vault maps discovered:
D:1:      enne_arrival_octagon_isle, layout_basic
D:2:      lemuel_upstairs_altar, layout_loops_ring, grunt_ministairs_4,
          eino_tiny_chamber
D:3:      layout_loops_corners, old_standard_altar, kennysheep_vampire_church,
          minmay_randomly_rotated_circles
D:4:      layout_basic, lemuel_round_altar, serial_shops, shop, uniq_edmund,
          uniq_pikel
D:5:      layout_basic, overflow_temple_1_default,
          minmay_temple_entry_junction_2, portal_sewer_entry_e, uniq_ijyb
D:6:      layout_basic, lemuel_doored_altar, lemuel_crystal_altar
D:7:      layout_basic, grunt_temple_overflow_order_and_chaos_2,
          nicolae_gozag_cash_rules_everything_around_me,
          overflow_temple_1_default, gammafunk_ghost_icy, kennysheep_cross_room,
          uniq_joseph
D:8:      layout_basic, kennysheep_mini_moat, led_sif_pool,
          lemuel_crystal_altar, dpeg_oklobed_lair, uniq_maggie, uniq_gastronok
D:9:      layout_roguey, doesnt_xom_only_xom
D:10:     layout_loops_corners, orc_0_dummy, serial_shops, shop_scrolls,
          uniq_harold, uniq_erolcha
Temple:   corrupted_temple

Skill      XL: |  1  2  3  4  5  6  7  8  9 10 11 |
---------------+----------------------------------+-----
Throwing       | 2 3 4 6 7 |  7.7
Dodging        | 3 4 5 6 7 8 |  8.1
Long Blades    | 3 4 5 6 7 8 |  8.1
Fighting       | 3 4 5 6 7 8 9 |  9.3
Invocations    | 1 2 4 5 |  5.0

Action                   |  1- 3 |  4- 6 |  7- 9 | 10-12 || total
-------------------------+-------+-------+-------+-------++-------
Melee: Long sword        |   113 |   127 |   442 |       ||   682
       Scimitar          |       |       |    66 |    45 ||   111
       Great sword       |       |       |       |   191 ||   191
Throw: Throwing net      |       |     1 |     1 |     1 ||     3
  Use: Scroll            |     5 |     6 |     7 |     4 ||    22
       Potion            |       |       |     4 |     4 ||     8
 Stab: Sleeping          |     2 |       |       |       ||     2
       Held in net/web   |       |     1 |     1 |       ||     2
Armor: Leather armour    |    41 |       |       |       ||    41
       Crystal plate arm |     6 |   191 |   734 |   350 ||  1281
Dodge: Dodged            |    91 |    20 |    63 |    77 ||   251
Block: Kite shield       |       |       |    32 |    20 ||    52
       Rpst.: Long sword |    31 |     5 |    19 |       ||    55
       Scimitar          |       |       |     1 |     2 ||     3
       Great sword       |       |       |       |    21 ||    21
